 Dungeon Crawl Stone Soup version 0.30-a0-924-g0ad0bf95bc (webtiles) character file.

Game seed: 12038037493197954627

16788 jlumianski the Cleaver (level 12, -20/95 HPs)
             Began as a Demonspawn Fighter on Mar 22, 2023.
             Was the Champion of Okawaru.
             Demolished by a death yak simulacrum (22 damage)
             ... in an ice cave.
             The game lasted 00:48:11 (10770 turns).

jlumianski the Cleaver (Demonspawn Fighter)        Turns: 10770, Time: 00:48:11

Health: -20/95     AC: 15    Str: 28    XL:     12   Next: 13%
Magic:  0/19       EV:  7    Int: 10    God:    Okawaru [******]
Gold:   433        SH:  5    Dex: 12    Spells: 11/11 levels left

rFire   . . .      SeeInvis .    I - +3 broad axe (spect)
rCold   . . .      Faith    .    c - +0 buckler
rNeg    . . .      Spirit   +    v - +0 plate armour
rPois   .          Reflect  .    (helmet restricted)
rElec   .          Rampage  .    r - scarf {harm}
rCorr   .          Harm     + .  k - +1 pair of gloves
Will    .....                    (no boots) Stlth
                                 j - amulet of guardian spirit
HPRegen 0.35/turn                f - +6 ring of strength
MPRegen 0.16/turn                (no ring)

@: no status effects
A: antennae 1, hooves 2, foul stench 1, demonic magic 2, weakness stinger 1
a: Renounce Religion, Heroism, Finesse, Duel


You were in an ice cave.
You worshipped Okawaru.
Okawaru was exalted by your worship.
You visited 2 branches of the dungeon, and saw 12 of its levels.
You also visited: Sewer, Bailey and Ice Cave.

You collected 740 gold pieces.
You spent 307 gold pieces at shops.

Inventory:

Hand Weapons
 I - a +3 spectral broad axe (weapon)
 V - a +2 flail of protection
 X - a +2 trident of venom
Missiles
 i - 14 poisoned darts (quivered)
 t - 3 throwing nets
 L - 2 curare-tipped darts
 M - 4 boomerangs
 Q - 2 atropa-tipped darts
Armour
 c - a +0 buckler (worn)
 k - a +1 pair of gloves (worn)
 r - a scarf of harm (worn)
 v - a +0 plate armour (worn)
 F - a +2 pair of boots
 Z - a scarf of invisibility
Jewellery
 f - a +6 ring of strength (left hand)
 j - an amulet of guardian spirit (around neck)
 z - an amulet of the acrobat
Wands
 y - a wand of mindburst (13)
 D - a wand of roots (10)
 H - a wand of acid (4)
 N - a wand of polymorph (25)
Scrolls
 h - 2 scrolls of immolation
 o - 3 scrolls of blinking
 q - 2 scrolls of vulnerability
 w - 2 scrolls of amnesia
 G - a scroll of poison
 O - 3 scrolls of fear
 R - a scroll of teleportation
 S - a scroll of magic mapping
 U - 3 scrolls of identify
Potions
 d - 3 potions of might
 e - 2 potions of flight
 g - 3 potions of curing
 l - 2 potions of haste
 m - 2 potions of resistance
 p - a potion of berserk rage
 x - a potion of lignification
 B - 2 potions of mutation
 C - a potion of heal wounds
 E - a potion of brilliance
 K - a potion of invisibility
 P - a potion of cancellation
 Y - a potion of magic


   Skills:
 * Level 9.0 Fighting
 + Level 9.9 Axes
 + Level 3.0 Throwing
 + Level 7.8 Armour
 + Level 1.0 Dodging
 + Level 2.1 Stealth
 + Level 4.6 Shields
 * Level 9.6 Invocations
 * Level 8.1 Evocations


You had 11 spell levels left.
You didn't know any spells.
Your spell library contained the following spells:

 Spells                   Type           Power      Damage    Failure   Level
 Apportation              Tloc           0%         N/A       99%         1
 Magic Dart               Conj           0%         1d3       99%         1
 Necrotise                Necr           0%         1d4       99%         1
 Hailstorm                Conj/Ice       0%         3d3       100%        3
 Mephitic Cloud           Conj/Pois/Air  0%         N/A       100%        3
 Ice Form                 Ice/Tmut       0%         N/A       100%        4
 Passage of Golubria      Tloc           0%         N/A       100%        4
 Petrify                  Tmut/Erth      0%         N/A       100%        4
 Metabolic Englaciation   Hex/Ice        0%         N/A       100%        5
 Yara's Violent Unravell  Hex/Tmut       0%         3d3       100%        5
 Statue Form              Tmut/Erth      0%         N/A       100%        6
 Orb of Destruction       Conj           0%         9d5       100%        7
 Summon Small Mammal      Summ           Unusable   N/A       N/A         1
 Call Imp                 Summ           Unusable   N/A       N/A         2
 Summon Guardian Golem    Hex/Summ       Unusable   N/A       N/A         3
 Tukima's Dance           Hex            Unusable   N/A       N/A         3
 Simulacrum               Ice/Necr       Unusable   N/A       N/A         6
 Spellforged Servitor     Conj/Summ      Unusable   N/A       N/A         7

Dungeon Overview and Level Annotations

Branches:
Dungeon (11/15)            Temple (1/1) D:4            Lair (0/5) D:11
    Orc (0/2) D:11          Sewer (visited)          Bailey (visited)
  IceCv (1/1)

Altars:
Ashenzari
Cheibriados
Dithmenos
Fedhas
Gozag
Hepliaklqana
Kikubaaqudgha
Makhleb
Nemelex Xobeh
Okawaru
Qazlal
Ru
Sif Muna
Trog
Uskayaw
Vehumet
Wu Jian
Xom
Yredelemnul

Shops:
D:1 !   D:5 [   D:8 ?


Innate Abilities, Weirdness & Mutations

You have a pair of small antennae on your head.
You have hoof-like feet.
You may rarely emit foul miasma when damaged in melee.
Spells you cast may paralyse nearby enemies.
You have a small tail.


Message History

There is a frozen archway here.
You drop a +0 war axe of electrocution.
You drop a +0 scale mail.
You drop 80 stones.
You drop 3 potions of degeneration.
You drop a +1 helmet.
You drop a +2 helmet.
You drop a +0 flail of protection.
You drop a +0 helmet.
There is a frozen archway here.
The world spins around you as you enter the gateway.
You enter an ice cave!
Found an ice covered gate leading back out of this place.
There is an ice choked empty arch of ancient stone here.
You hit the wolf simulacrum but do no damage.
Your kick misses the wolf simulacrum.
Your +3 spectral broad axe hits the wolf simulacrum.
Your +3 spectral broad axe hits the elephant simulacrum!
The wolf simulacrum bites you but does no damage.
The elephant simulacrum barely misses your +3 spectral broad axe.
The elephant simulacrum trunk-slaps your +3 spectral broad axe but does no damage.
The wolf simulacrum closely misses you.
You slice the wolf simulacrum!!
The wolf simulacrum vaporises!
Okawaru accepts your kill.
You slash the death yak simulacrum!
Your +3 spectral broad axe hits the death yak simulacrum!
The death yak simulacrum gores you. The death yak simulacrum freezes you!!!
You slash the elephant simulacrum!
The elephant simulacrum vaporises!
Okawaru accepts your kill.
You hit the death yak simulacrum but do no damage. x2
Your +3 spectral broad axe completely misses the death yak simulacrum.
Your +3 spectral broad axe is engulfed in freezing vapours. x2
The death yak simulacrum gores you! The death yak simulacrum freezes you!!
* * * LOW HITPOINT WARNING * * *
You emit a cloud of foul miasma!
The death yak simulacrum gores you!
* * * LOW HITPOINT WARNING * * *
The death yak simulacrum freezes you!!
You die...

..##
...##
#...#
##...
#...#
##.§.##
##.Z(Z§##
#...@...#
#.......#
##..∩..##
##...##
#####


You could see 2 death yak simulacra and a friendly +3 spectral broad axe
(summoned).

Vanquished Creatures
  2 vault guards (Bailey)
  3 centaur warriors
  2 two-headed ogres (D:9)
  A manticore (D:9)
  Joseph (D:7)
  A kobold demonologist (D:9)
  A troll (D:9)
  Prince Ribbit (Bailey)
  3 centaur simulacra (D:11)
  A wyvern (D:9)
  2 shadows (D:11)
  19 yaks
  11 humans
  2 vampire mosquitoes (D:10)
  3 steam dragons
  Edmund (D:6)
  A warg (D:11)
  4 water moccasins
  2 ice beasts
  3 orc warriors
  2 sky beasts (D:8)
  2 ogres
  2 centaurs
  18 bullfrogs
  2 kobold brigands
  Blork the orc (D:4)
  3 gnoll sergeants
  3 scorpions
  A two-headed ogre simulacrum (D:11)
  7 wights (D:8)
  5 killer bees (D:9)
  An elephant simulacrum (IceCv)
  3 howler monkeys
  2 hounds
  8 orc priests
  4 jellies
  5 iguanas
  9 orc wizards
  A troll simulacrum (D:11)
  A wolf simulacrum (IceCv)
  A spriggan simulacrum (D:11)
  2 naga simulacra (D:11)
  15 gnolls
  11 adders
  A shadow imp (D:7)
  2 white imps (D:11)
  2 ufetubi
  A dart slug (D:4)
  41 orcs
  18 ball pythons
  12 endoplasms
  13 giant cockroaches
  16 goblins
  12 hobgoblins
  2 jackals (D:7)
  4 kobolds
  16 quokkas
  7 bats
  14 frilled lizards
  6 rats
340 creatures vanquished.

Vanquished Creatures (others)
  A water elemental (D:11)
1 creature vanquished.

Grand Total: 341 creatures vanquished

Notes
Turn   | Place    | Note
-------+----------+-------------------------------------------
     0 | D:1      | jlumianski the Demonspawn Fighter began the quest for the
                  | Orb.
     0 | D:1      | Reached XP level 1. HP: 18/18 MP: 1/1
    60 | D:1      | Found Zura Ett's Distillery.
   157 | D:1      | Gained mutation: You may rarely emit foul miasma when
                  | damaged in melee. [demonic ancestry]
   157 | D:1      | Reached XP level 2. HP: 21/24 MP: 2/2
   554 | D:1      | Gained mutation: Spells you cast may paralyse adjacent
                  | enemies. [demonic ancestry]
   554 | D:1      | Reached XP level 3. HP: 28/28 MP: 3/3
  1252 | D:2      | Reached XP level 4. HP: 28/35 MP: 4/4
  2057 | D:3      | Found a faded altar of an unknown god.
  2218 | D:3      | Found a radiant altar of Vehumet.
  2584 | D:4      | Noticed Blork the orc
  2584 | D:4      | Found a staircase to the Ecumenical Temple.
  2592 | Temple   | Entered the Ecumenical Temple
  2718 | D:4      | Killed Blork the orc
  2719 | D:4      | Discovered your monstrous ancestry.
  2719 | D:4      | Gained mutation: You have large cloven feet. [demonic
                  | ancestry]
  2719 | D:4      | Reached XP level 5. HP: 29/41 MP: 5/5
  2821 | D:4      | Found a hazy altar of Hepliaklqana.
  2919 | D:4      | Found an iron altar of Okawaru.
  2924 | D:4      | Became a worshipper of Warmaster Okawaru
  3087 | D:4      | Found an ornate altar of the Wu Jian Council.
  3181 | D:5      | Entered Level 5 of the Dungeon
  3210 | D:5      | Reached XP level 6. HP: 44/48 MP: 6/6
  3348 | D:5      | Found a glowing drain.
  3379 | D:5      | Reached skill level 1 in Invocations
  3390 | D:5      | Reached skill level 1 in Evocations
  3403 | Sewer    | Entered a sewer
  3775 | Sewer    | Gained mutation: You have hoof-like feet. [demonic
                  | ancestry]
  3775 | Sewer    | Reached XP level 7. HP: 52/54 MP: 8/8
  3776 | Sewer    | Reached * piety under Okawaru
  4521 | D:5      | Reached skill level 5 in Axes
  4676 | D:5      | Found Seogytep's Antique Armour Boutique.
  4855 | D:5      | You fall into a shaft and drop 2 floors!
  4876 | D:7      | Gained mutation: You have a small tail. [demonic ancestry]
  4876 | D:7      | Reached XP level 8. HP: 18/61 MP: 10/10
  5171 | D:6      | Noticed Edmund
  5183 | D:6      | Killed Edmund
  5224 | D:6      | Found a basalt altar of Yredelemnul.
  5237 | D:6      | Reached skill level 5 in Fighting
  5411 | D:6      | Reached skill level 1 in Throwing
  5500 | D:6      | Reached ** piety under Okawaru
  5993 | D:5      | Reached skill level 5 in Armour
  6234 | D:7      | Reached skill level 5 in Invocations
  6258 | D:7      | Gained mutation: Spells you cast may paralyse nearby
                  | enemies. [demonic ancestry]
  6258 | D:7      | Reached XP level 9. HP: 65/68 MP: 12/12
  6353 | D:8      | Found a flagged portal.
  6360 | Bailey   | Entered a bailey
  6375 | Bailey   | Reached *** piety under Okawaru
  6571 | Bailey   | Reached **** piety under Okawaru
  6647 | Bailey   | Noticed a vault guard
  6663 | Bailey   | Killed a vault guard
  6664 | Bailey   | Reached XP level 10. HP: 32/77 MP: 11/15
  6816 | Bailey   | Noticed a vault guard
  6816 | Bailey   | Noticed Prince Ribbit
  6819 | Bailey   | Killed Prince Ribbit
  6820 | Bailey   | Reached skill level 5 in Evocations
  6823 | Bailey   | Killed a vault guard
  7015 | D:8      | Found a stormy altar of Qazlal.
  7168 | D:7      | Noticed Joseph
  7176 | D:7      | Killed Joseph
  7378 | D:7      | Reached ***** piety under Okawaru
  7453 | D:7      | Reached skill level 1 in Dodging
  7456 | D:7      | Received a gift from Okawaru
  8169 | D:8      | Found Qyemig's Magic Scroll Emporium.
  8182 | D:8      | Bought a scroll of teleportation for 33 gold pieces
  8182 | D:8      | Bought a scroll of magic mapping for 82 gold pieces
  8182 | D:8      | Bought a scroll of enchant armour for 82 gold pieces
  8182 | D:8      | Bought a scroll of identify for 22 gold pieces
  8182 | D:8      | Bought a scroll of identify for 22 gold pieces
  8182 | D:8      | Bought a scroll of identify for 22 gold pieces
  8182 | D:8      | Bought a scroll of identify for 22 gold pieces
  8182 | D:8      | Bought a scroll of identify for 22 gold pieces
  8299 | D:8      | Gained mutation: You have a pair of small antennae on your
                  | head. [demonic ancestry]
  8299 | D:8      | Reached XP level 11. HP: 73/86 MP: 16/16
  8594 | D:8      | Found a broken altar of Ashenzari.
  8647 | D:8      | Found a blossoming altar of Fedhas.
  8997 | D:9      | Noticed a two-headed ogre
  9011 | D:9      | Killed a two-headed ogre
  9079 | D:9      | Reached skill level 1 in Stealth
  9079 | D:9      | Noticed a two-headed ogre
  9086 | D:9      | Killed a two-headed ogre
  9168 | D:9      | Found a hide-covered altar of Uskayaw.
  9202 | D:9      | Reached ****** piety under Okawaru
  9289 | D:9      | Received a gift from Okawaru
  9306 | D:9      | Noticed a centaur warrior
  9307 | D:9      | Noticed a centaur warrior
  9327 | D:9      | Killed a centaur warrior
  9328 | D:9      | Killed a centaur warrior
  9982 | D:10     | Entered Level 10 of the Dungeon
  9999 | D:10     | Noticed a centaur warrior
 10004 | D:10     | Killed a centaur warrior
 10316 | D:11     | HP: 2/87 [centaur warrior simulacrum (17)]
 10573 | D:11     | Reached XP level 12. HP: 76/94 MP: 14/19
 10646 | D:11     | Found a staircase to the Orcish Mines.
 10743 | D:11     | Found a frozen archway.
 10764 | IceCv    | Entered an ice cave
 10770 | IceCv    | HP: 2/95 [death yak simulacrum (12)]
 10770 | IceCv    | Demolished by a death yak simulacrum

Illustrated notes

Levels and vault maps discovered:
D:1:      tarquinn_simple_flora_water_e, layout_basic, serial_shops, shop,
          minmay_pentomino_q4
D:2:      layout_basic
D:3:      layout_loops_corners, lemuel_coloured_pillars_altar,
          hellmonk_ecumenical_altar_blasted
D:4:      layout_loops_ring, nzn_wu_jian_contemplation,
          mainiacjoe_overflow_surrounded_room, kennysheep_little_box,
          minmay_temple_entry_wispy, item_on_display_b, uniq_blork_the_orc
D:5:      layout_loops_ring, serial_shops, nicolae_shop_behind_doors,
          gup_sewer_entry_glass, grunt_decor_fettered, kennysheep_generic_room_5
D:6:      layout_loops_ring, nicolae_overflow_crystal_walls, old_standard_altar,
          kennysheep_generic_room_13, uniq_edmund
D:7:      erik_cavepeople, layout_basic, uniq_joseph
D:8:      layout_rooms, amcnicky_altar_gilded, general_overflow_altar,
          mainiacjoe_overflow_brackets, serial_shops, shop, serial_corexii_hall,
          chequers_hall_statues_corner_a, chequers_hall_statues_wall_a,
          chequers_hall_statues_wall_a, enter_bailey_3
D:9:      minmay_chambers_of_sevens, layout_cave_pools,
          mainiacjoe_overflow_tiny_flanked, grunt_ogre_cave
D:10:     layout_basic
D:11:     layout_basic, erik_lair_dragon, erik_orc_4, serial_ice, serial_ice_i,
          serial_ice_h, serial_ice_d, serial_ice_m, serial_ice_c, serial_ice_b,
          portal_ice_cave_entry_ice_simulacra, minmay_unpleasant_kobolds,
          uniq_josephine
Temple:   nicolae_temple_hex_pool
IceCv:    ice_cave_small_necro

Skill      XL: |  1  2  3  4  5  6  7  8  9 10 11 12 |
---------------+-------------------------------------+-----
Axes           | 2 3 4 5 6 7 8 9 |  9.9
Armour         | 3 4 5 6 7 |  7.8
Shields        | 3 4 |  4.6
Fighting       | 4 5 6 7 8 9 |  9.0
Invocations    | 1 3 5 6 7 9 |  9.6
Evocations     | 1 2 3 4 6 7 8 |  8.1
Throwing       | 1 2 3 |  3.0
Dodging        | 1 |  1.0
Stealth        | 1 2 |  2.1

Action                     |  1- 3 |  4- 6 |  7- 9 | 10-12 || total
---------------------------+-------+-------+-------+-------++-------
  Melee: War axe           |   106 |   202 |   192 |     3 ||   503
         Kick              |       |    16 |    46 |    81 ||   143
         Tailslap          |       |       |    16 |    46 ||    62
         Broad axe         |       |       |       |   257 ||   257
  Throw: Dart              |       |     6 |    23 |    14 ||    43
         Boomerang         |       |       |       |     1 ||     1
 Invoke: Heroism           |       |       |     2 |     2 ||     4
  Evoke: Wand              |       |       |     1 |     7 ||     8
    Use: Scroll            |       |     8 |     6 |    13 ||    27
         Potion            |       |     3 |     1 |     3 ||     7
   Stab: Distracted        |       |       |       |     4 ||     4
 Armour: Scale mail        |    54 |    24 |       |       ||    78
         Plate armour      |       |   113 |   115 |   136 ||   364
  Dodge: Dodged            |    41 |   122 |    73 |   117 ||   353
  Block: Buckler           |    25 |    47 |    33 |    55 ||   160

Table legend: (Time is in decaauts)
 A = Elapsed time spent in this place.
 B = Non-inter-level travel time spent in this place.
 C = Inter-level travel time spent in this place.
 D = Time resting spent in this place.
 E = Time spent auto-exploring this place.
 F = Levels seen in this place.
 G = Mean time per level.
                   A        B        C        D        E       F      G
               +--------+--------+--------+--------+--------+-----+--------+
         Total |  11098 |  10786 |    312 |    829 |   6176 |  15 |  739.9 |
       Dungeon |   9807 |   9495 |    312 |    621 |   5882 |  11 |  891.5 |
        Temple |    119 |    119 |      0 |      0 |     53 |   1 |  119.0 |
         Sewer |    525 |    525 |      0 |     47 |     18 |   1 |  525.0 |
        Bailey |    640 |    640 |      0 |    161 |    223 |   1 |  640.0 |
      Ice Cave |      6 |      6 |      0 |      0 |      0 |   1 |    6.0 |
               +--------+--------+--------+--------+--------+-----+--------+

Top non-repeatable levels by time:
     D:7: 1380 daAuts
     D:6: 1215 daAuts
     D:9: 1138 daAuts
     D:1: 1115 daAuts
     D:3: 1000 daAuts
     D:5: 913 daAuts
     D:4: 874 daAuts
     D:8: 868 daAuts
  Bailey: 640 daAuts
   Sewer: 525 daAuts
     D:2: 511 daAuts
    D:10: 494 daAuts
    D:11: 293 daAuts
  Temple: 119 daAuts
   IceCv: 6 daAuts
